 Dungeon Crawl Stone Soup version 0.29.1-4-g47bece8355 (webtiles) character file.

Game seed: 13987608213115598621

3675 GorkyZ the Shield-Bearer (level 10, -6/61 HPs)
             Began as a Gargoyle Fighter on Dec 4, 2022.
             Was an Initiate of Gozag.
             Mangled by an orc warrior
             ... wielding a +0 broad axe
              (15 damage)
             ... on level 8 of the Dungeon.
             The game lasted 00:25:41 (9505 turns).

GorkyZ the Shield-Bearer (Gargoyle Fighter)         Turns: 9505, Time: 00:25:42

Health: -6/61      AC: 23    Str: 23    XL:     10   Next: 13%
Magic:  10/10      EV: 11    Int: 10    God:    Gozag
Gold:   746        SH:  0    Dex:  9    Spells: 9/9 levels left

rFire   . . .      SeeInvis .   B - +0 battleaxe (vorpal)
rCold   . . .      Faith    .   (shield currently unavailable)
rNeg    + . .      Spirit   .   b - +0 scale mail
rPois   ∞          Reflect  .   h - +2 helmet
rElec   +          Harm     .   o - +1 cloak
rCorr   .          Rampage  .   s - +2 pair of gloves
Will    .....                   (no boots)
Stlth   ..........              (no amulet)
HPRegen 0.20/turn               u - +4 ring of slaying
MPRegen 0.12/turn               (no ring)

@: no status effects
A: sickness immunity, AC +7, negative energy resistance 1, electricity
resistance, torment resistance 1, petrification resistance
a: Renounce Religion, Potion Petition, Call Merchant, Bribe Branch


You were on level 8 of the Dungeon.
You worshipped Gozag.
Gozag was pleased with you.
You visited 2 branches of the dungeon, and saw 9 of its levels.

You collected 1088 gold pieces.
You spent 252 gold pieces at shops.
You paid 90 gold pieces to Gozag.

Inventory:

Hand Weapons
 a - a +0 spectral war axe
 x - a +4 glaive
 B - a +0 vorpal battleaxe (weapon)
Missiles
 e - 11 poisoned darts
 p - 6 javelins
 A - 3 boomerangs
Armour
 b - a +0 scale mail (worn)
 c - a +0 buckler
 h - a +2 helmet (worn)
 o - a +1 cloak (worn)
 s - a +2 pair of gloves (worn)
 v - a +0 pair of gloves
Jewellery
 q - a ring of magical power
 u - a +4 ring of slaying (left hand)
 y - a ring of wizardry
 C - a ring of protection from fire
 H - a ring of protection from fire
Wands
 g - a wand of roots (4)
 n - a wand of flame (13)
 t - a wand of light (8) (quivered)
Scrolls
 j - 5 scrolls of identify
 k - a scroll of blinking
 r - 6 scrolls of teleportation
 w - 3 scrolls of poison
 D - 2 scrolls of amnesia
 G - 2 scrolls of enchant armour
 I - a scroll of fear
Potions
 d - 2 potions of might
 f - a potion of curing
 i - a potion of brilliance
 l - 2 potions of resistance
 m - 4 potions of flight
 z - a potion of lignification
 E - a potion of ambrosia
 F - a potion of degeneration {unknown}


   Skills:
 + Level 6.4 Fighting
 + Level 4.9(5.5) Axes
 + Level 3.6(4.9) Polearms
 + Level 4.5 Throwing
 + Level 6.5 Armour
 + Level 3.9 Dodging
 + Level 6.6 Shields
 + Level 4.5 Evocations


You had 9 spell levels left.
You didn't know any spells.
Your spell library contained the following spells:

 Spells                   Type           Power      Damage    Failure   Level
 Beastly Appendage        Tmut           0%         N/A       65%         1
 Blink                    Tloc           0%         N/A       78%         2
 Poisonous Vapours        Pois/Air       0%         N/A       78%         2
 Wereblood                Tmut           0%         N/A       78%         2
 Lesser Beckoning         Tloc           0%         N/A       95%         3
 Spider Form              Tmut/Pois      0%         N/A       95%         3
 Manifold Assault         Tloc           0%         N/A       100%        5
 Corpse Rot               Necr/Pois/Air  Unusable   N/A       N/A         4

Dungeon Overview and Level Annotations

Branches:
Dungeon (8/15)             Temple (1/1) D:5
   Lair: D:8-11

Altars:
Ashenzari
Dithmenos
Elyvilon
Fedhas
Gozag
Hepliaklqana
Kikubaaqudgha
Makhleb
Nemelex Xobeh
Okawaru
Qazlal
Ru
Trog
Uskayaw
Vehumet
Wu Jian
Xom
Yredelemnul
The Shining One

Shops:
D:4 ?([:

Annotations:
D:6 1 runed translucent door


Innate Abilities, Weirdness & Mutations

You are immune to sickness and miasma.
Your stone body is resilient. (AC +7)
You are immune to poison.
You resist negative energy. (rN+)
You are resistant to electric shocks. (rElec)
You are resistant to unholy torment.
You are immune to petrification.


Message History

You closely miss something. Something hits you but does no damage.
The orc warrior hits you with a +0 broad axe!
Something hits you but does no damage.
You are too injured to fight recklessly!
You are too injured to fight recklessly!
An orc warrior is nearby!
You are too injured to fight recklessly!
You are too injured to fight recklessly!
You are too injured to fight recklessly!
You hit the orc warrior but do no damage.
The orc warrior is moderately wounded.
You slash something!
Reactivating autopickup.
You feel a bit more experienced.
The orc warrior hits you but does no damage.
The orc warrior barely misses you.
You completely miss the orc warrior.
The orc warrior is moderately wounded.
The orc warrior closely misses you.
You completely miss the orc warrior.
The orc warrior is moderately wounded.
The orc warrior closely misses you.
The orc warrior hits you with a +0 broad axe.
You barely miss the orc warrior.
The orc warrior is moderately wounded.
The orc warrior hits you but does no damage.
You closely miss the orc warrior.
The orc warrior is moderately wounded.
The orc warrior barely misses you.
Unknown command.
You barely miss the orc warrior.
The orc warrior is moderately wounded.
The orc warrior hits you with a +0 broad axe!
* * * LOW HITPOINT WARNING * * *
The orc warrior closely misses you.
You slash the orc warrior!
The orc warrior is severely wounded.
The orc warrior hits you with a +0 broad axe!
You die...
Your body crumbles into a pile of gold.

#....#...#...
#....+...+...
#....#...#...
######...### #.....#
#### #.....#
#....###############..##
#.....o.............####
#......@............# #
#.......$...........# #
#...................# #
#....#######$.......####
#.... #######....## #...
#....# #.. #....# #..
#....# ######


You could see an orc warrior.

Vanquished Creatures
  Sigmund (D:4)
  2 steam dragons
  A water moccasin (D:7)
  An orc warrior (D:6)
  An ice beast (D:6)
  An ogre (D:4)
  2 centaurs
  A phantom (D:5)
  3 bullfrogs
  Blork the orc (D:4)
  A kobold brigand (D:6)
  A necrophage (D:5)
  10 scorpions
  9 killer bees
  3 howler monkeys (D:7)
  4 jellies
  5 quasits (D:5)
  A hound (D:6)
  2 orc priests
  3 gnoll boudas
  3 iguanas
  Ijyb (D:3)
  4 orc wizards
  Robin (D:3)
  19 gnolls
  11 adders
  3 shadow imps
  5 white imps
  2 ufetubi
  4 worms
  4 dart slugs
  21 orcs
  7 ball pythons
  5 endoplasms
  4 giant cockroaches (D:6)
  13 goblins
  10 hobgoblins
  4 jackals (D:2)
  7 quokkas
  5 bats
  4 frilled lizards (D:2)
  16 kobolds
  7 rats
  A spectral kobold (D:4)
  12 bushes (D:6)
  2 butterflies (D:6)
228 creatures vanquished.

Vanquished Creatures (others)
  A demonic plant (D:5)
1 creature vanquished.

Grand Total: 229 creatures vanquished

Notes
Turn   | Place    | Note
-------+----------+-------------------------------------------
     0 | D:1      | GorkyZ the Gargoyle Fighter began the quest for the Orb.
     0 | D:1      | Reached XP level 1. HP: 14/14 MP: 1/1
   236 | D:1      | You fall into a shaft and drop 1 floor!
   302 | D:2      | Reached XP level 2. HP: 7/19 MP: 2/2
   632 | D:1      | Found a faded altar of an unknown god.
  1347 | D:2      | Reached XP level 3. HP: 22/23 MP: 3/3
  1598 | D:2      | Reached skill level 1 in Evocations
  1598 | D:2      | Reached XP level 4. HP: 19/28 MP: 4/4
  1740 | D:2      | Reached skill level 1 in Throwing
  1962 | D:3      | Reached skill level 1 in Dodging
  1962 | D:3      | Reached XP level 5. HP: 18/33 MP: 5/5
  2382 | D:3      | Noticed Ijyb
  2389 | D:3      | Killed Ijyb
  2489 | D:3      | Found a hide-covered altar of Uskayaw.
  2518 | D:3      | Noticed Robin
  2527 | D:3      | Reached XP level 6. HP: 36/38 MP: 6/6
  2534 | D:3      | Killed Robin
  3032 | D:4      | Noticed Blork the orc
  3039 | D:4      | Killed Blork the orc
  3142 | D:4      | Found Foigg's Armour Shop.
  3169 | D:4      | Noticed Sigmund
  3185 | D:4      | Killed Sigmund
  3186 | D:4      | Reached XP level 7. HP: 34/44 MP: 7/7
  3296 | D:4      | Found a sacrificial altar of Ru.
  3510 | D:4      | Found Taloleva's Antique Weapon Emporium.
  3611 | D:4      | Found a bloodstained altar of Trog.
  3612 | D:4      | Found a white marble altar of Elyvilon.
  3615 | D:4      | Identified the +10 sling "Jyghahig" {flame, rElec rC+
                  | Str+3}
  3640 | D:4      | Found a hazy altar of Hepliaklqana.
  3730 | D:4      | Found Lodal's Book Shop.
  3897 | D:4      | Found Zyzxusegh's Magic Scroll Emporium.
  4008 | D:5      | Entered Level 5 of the Dungeon
  4178 | D:5      | Reached skill level 1 in Polearms
  4178 | D:5      | Reached XP level 8. HP: 48/48 MP: 8/8
  4189 | D:5      | Reached skill level 5 in Shields
  4199 | D:5      | Found a shimmering altar of Xom.
  4263 | D:5      | Reached skill level 5 in Armour
  4664 | D:5      | Found a staircase to the Ecumenical Temple.
  4705 | D:5      | Reached skill level 5 in Fighting
  4977 | Temple   | Entered the Ecumenical Temple
  5225 | Temple   | Became a worshipper of Gozag Ym Sagoz the Greedy
  5539 | D:6      | Found a runed translucent door.
  5541 | D:6      | Found a runed translucent door.
  5555 | D:6      | Reached XP level 9. HP: 48/54 MP: 9/9
  5739 | D:6      | Identified the +4 leather armour of Hudiwek {rN+ Str-3
                  | Stlth+}
  7110 | D:4      | Bought a +0 pair of gloves for 54 gold pieces
  7130 | D:4      | Bought a scroll of identify for 22 gold pieces
  7130 | D:4      | Bought a scroll of identify for 22 gold pieces
  7130 | D:4      | Bought a scroll of identify for 22 gold pieces
  7130 | D:4      | Bought a scroll of poison for 44 gold pieces
  7132 | D:4      | Bought 2 scrolls of poison for 88 gold pieces
  7710 | D:7      | Found a radiant altar of Vehumet.
  7860 | D:7      | Reached XP level 10. HP: 12/60 MP: 10/10
  8347 | D:7      | Noticed a seven-headed hydra
  8356 | D:7      | HP: 3/60 [11-headed hydra (10)]
  9047 | D:8      | Found an ancient bone altar of Kikubaaqudgha.
  9080 | D:8      | Found a stormy altar of Qazlal.
  9505 | D:8      | Mangled by an orc warrior

Illustrated notes

Levels and vault maps discovered:
D:1:      minmay_arrival_doors, layout_basic, dreamdust_ecumenical_altar_grove,
          hex_tiny, reono_crystal_passage
D:2:      layout_basic, minmay_joined_circles
D:3:      layout_basic, mainiacjoe_overflow_tiny_flanked, uniq_ijyb, uniq_robin
D:4:      layout_basic, mainiacjoe_overflow_brackets,
          mainiacjoe_overflow_divided_tiny,
          nicolae_hepliaklqana_monster_ancestors, serial_shops,
          nicolae_shop_window_shopping, nicolae_shop_stone, shop, shop,
          uniq_blork_the_orc, uniq_sigmund
D:5:      layout_basic, mainiacjoe_overflow_catwalk,
          minmay_temple_entry_purple_smoke, serial_demonic, serial_demonic_d,
          serial_demonic_f, serial_demonic_a, serial_demonic_e,
          serial_demonic_e, serial_demonic_a
D:6:      lemuel_insect_pit, layout_rooms, serial_corexii_hall,
          chequers_hall_statues_y, chequers_hall_statues_y,
          chequers_hall_statues_wall_a, corexii_hall_statues_t, glass_columns_a,
          minmay_hedge_maze
D:7:      layout_rooms, mainiacjoe_overflow_24_doors
D:8:      layout_gridville, amcnicky_altar_gilded, kiku_gazebo_pond_becter
Temple:   minmay_temple_forest_path

Skill      XL: |  1  2  3  4  5  6  7  8  9 |
---------------+----------------------------+-----
Axes           | 2 3 4 |  4.9
Evocations     | 1 2 3 4 |  4.5
Throwing       | 1 2 3 4 |  4.5
Dodging        | 1 2 3 |  3.9
Shields        | 4 5 6 |  6.6
Armour         | 4 5 6 |  6.5
Fighting       | 4 5 6 |  6.4
Polearms       | 1 2 3 |  3.6

Action                   |  1- 3 |  4- 6 |  7- 9 | 10-12 || total
-------------------------+-------+-------+-------+-------++-------
Melee: War axe           |    80 |   117 |       |       ||   197
       Glaive            |       |    10 |   130 |    27 ||   167
       Battleaxe         |       |       |   302 |    17 ||   319
Throw: Dart              |       |     3 |       |       ||     3
       Javelin           |       |     1 |     1 |       ||     2
Evoke: Wand              |       |       |     1 |     1 ||     2
  Use: Scroll            |       |    12 |     6 |     3 ||    21
       Potion            |       |       |     3 |       ||     3
 Stab: Invisible         |       |       |       |     1 ||     1
Armor: Scale mail        |    53 |    67 |   340 |    74 ||   534
Dodge: Dodged            |    41 |    59 |   311 |    86 ||   497
Block: Buckler           |    21 |    19 |       |       ||    40
